 Dungeon Crawl Stone Soup version 0.28.0-1-gb440e238dd (webtiles) character file.

Game seed: 10195968737727035141

271 arthad the Grasshopper (level 6, -5/38 HPs)
             Began as an Octopode Wanderer on Feb 20, 2022.
             Shot with an arrow by a centaur (8 damage)
             ... on level 4 of the Dungeon.
             The game lasted 00:20:14 (4302 turns).

arthad the Grasshopper (Octopode Wanderer)          Turns: 4302, Time: 00:20:14

Health: -5/38      AC:  1    Str: 13    XL:     6   Next: 23%
Magic:  0/8        EV: 13    Int: 13    God:
Gold:   32         SH:  0    Dex: 13    Spells: 2/8 levels left

rFire   . . .      SeeInvis .   a - +0 hand crossbow
rCold   . . .      Faith    .   (no shield)
rNeg    . . .      Spirit   +   (helmet restricted)
rPois   .          Reflect  .   e - amulet of guardian spirit
rElec   .          Harm     .   (no ring)
rCorr   .          Rampage  .   (no ring)
Will    .....                   (no ring)
Stlth   +++.......              (no ring)
HPRegen 0.12/turn               (no ring)
MPRegen 0.11/turn               (no ring)
                                (no ring)
                                (no ring)

@: no status effects
A: almost no armour, amphibious, 8 rings, camouflage 1, gelatinous body 1,
(nimble swimmer 1), tentacles
a: no special abilities


You were on level 4 of the Dungeon.
You visited 1 branch of the dungeon, and saw 4 of its levels.

You collected 158 gold pieces.
You spent 126 gold pieces at shops.

Inventory:

Hand Weapons
 a - a +0 hand crossbow (weapon)
 d - a +0 dagger
 g - a +0 rapier
 j - a +1 dagger of venom
Missiles
 b - 4 bolts (quivered ammo)
 c - 15 poisoned darts
Jewellery
 e - an amulet of guardian spirit (around mantle)
Scrolls
 f - 2 scrolls of teleportation {unknown}
 h - a scroll of brand weapon {unknown}
 i - a scroll of fog {unknown}
 l - a scroll of immolation {unknown}
 p - 3 scrolls of identify
 q - a scroll of acquirement {unknown}
 r - a scroll of blinking {unknown}
 t - 2 scrolls of magic mapping
Potions
 k - a potion of flight {unknown}
 m - a potion of magic {unknown}
 n - 2 potions of haste {unknown}
 o - a potion of resistance {unknown}
 s - a potion of curing {unknown}


   Skills:
 + Level 1.4 Fighting
 + Level 1.2 Short Blades
 + Level 3.0 Crossbows
 - Level 1.0 Throwing
 + Level 2.2 Dodging
 + Level 2.6 Stealth
 * Level 1.9 Spellcasting
 + Level 4.4 Translocations
 - Level 1.0 Invocations
 - Level 2.3 Evocations


You had 2 spell levels left.
You knew the following spells:

 Your Spells              Type           Power      Damage    Failure   Level
a - Apportation           Tloc           24%        N/A       4%          1
b - Blink                 Tloc           24%        N/A       6%          2
c - Lesser Beckoning      Tloc           12%        N/A       12%         3

Your spell library contained the following spells:

 Spells                   Type           Power      Damage    Failure   Level
 Gell's Gravitas          Tloc           12%        N/A       12%         3
 Teleport Other           Tloc           12%        N/A       12%         3


Dungeon Overview and Level Annotations

Branches:
Dungeon (4/15)
 Temple: D:4-7

Altars:
Dithmenos

Shops:
D:3 ?   D:4 (


Innate Abilities, Weirdness & Mutations

You cannot wear most types of armour.
You are amphibious.
You can wear up to eight rings at the same time.
Your skin changes colour to match your surroundings (Stealth+).
Your rubbery body absorbs attacks. (AC +1, EV +1)
((You are camouflaged when in or above water. (Stealth+)))
You have tentacles for arms and can constrict up to eight enemies at once.


Message History

The centaur shoots an arrow.
The arrow misses you.
The centaur shoots an arrow.
The arrow barely misses you.
The centaur shoots an arrow.
The arrow hits you.
The centaur shoots an arrow.
The arrow hits you!
The centaur shoots an arrow.
The arrow misses you.
The centaur shoots an arrow.
The arrow closely misses you.
The centaur shoots an arrow.
The arrow misses you.
You shoot a bolt. The bolt hits the centaur!
The centaur is heavily wounded.
The centaur shoots an arrow.
The arrow hits you!
The centaur shoots an arrow.
The arrow hits you.
* * * LOW HITPOINT WARNING * * *
Unknown command.
There is a stone staircase leading up, spattered with blood here.
The kobold throws a stone.
The stone closely misses you.
You climb upwards.
There is a stone staircase leading down here.
Magic restored.
HP restored.
Done exploring.
Okay, then.
You climb downwards.
The centaur shoots an arrow.
The arrow hits you!
There is a stone staircase leading up, spattered with blood here.
Fire: 6 bolts
Press: ? - help, Q - select action, (/) - cycle Shift-Dir - straight line, f - kobold
Aim: a kobold, wielding a +0 dagger and quivering stones (55% to hit)
You shoot a bolt. The bolt hits the kobold!
You kill the kobold!
The centaur shoots an arrow.
The arrow closely misses you.
The centaur shoots an arrow.
The arrow hits you!
Fire: 5 bolts
Press: ? - help, Q - select action, (/) - cycle Shift-Dir - straight line, f - centaur
Aim: a centaur, wielding a +0 shortbow and quivering arrows (72% to hit)
You shoot a bolt.
The bolt hits the centaur but does no damage.
The centaur shoots an arrow.
The arrow hits you!
The centaur shoots an arrow.
The arrow hits you!
* * * LOW HITPOINT WARNING * * *
The centaur shoots an arrow.
The arrow hits you!
You die...

.##..##...##......# ###
....∩###..###....#######
......##..# ##......#..#
....8....####..........#
....................#..#
....#..............##.##
...................####
......#....c(..)##..#
...#.###...#....@.###
.....##....##.(....##
...........##..#....#
...........#####...##
.#.....K..## #####
..###.....# #cl....#
#..##### (......#


You could see a centaur.

Vanquished Creatures
  A scorpion (D:4)
  A hound (D:4)
  An orc priest (D:3)
  An orc wizard (D:3)
  3 adders
  3 worms (D:2)
  2 dart slugs (D:2)
  7 orcs (D:3)
  6 bats
  7 endoplasms
  4 giant cockroaches
  6 goblins
  10 hobgoblins
  6 jackals
  5 quokkas
  7 ball pythons
  3 frilled lizards
  2 kobolds
  2 rats
77 creatures vanquished.

Notes
Turn   | Place    | Note
-------+----------+-------------------------------------------
     0 | D:1      | arthad the Octopode Wanderer began the quest for the Orb.
     0 | D:1      | arthad set off with the following items: a +0 hand
                  | crossbow, 19 bolts, 9 poisoned darts, a +0 dagger; and the
                  | following spell memorised: Apportation; and the following
                  | spells available to memorise: Blink, Lesser Beckoning
     0 | D:1      | Reached XP level 1. HP: 11/11 MP: 2/2
   118 | D:1      | Reached XP level 2. HP: 5/17 MP: 1/3
   881 | D:1      | Found a faded altar of an unknown god.
  1369 | D:1      | Reached skill level 1 in Stealth
  1416 | D:2      | Reached XP level 3. HP: 17/21 MP: 4/4
  1785 | D:2      | Learned a level 2 spell: Blink
  2131 | D:2      | Reached XP level 4. HP: 27/27 MP: 6/6
  2574 | D:3      | Found a shadowy altar of Dithmenos.
  2785 | D:3      | Reached skill level 1 in Fighting
  2785 | D:3      | Reached XP level 5. HP: 27/33 MP: 7/7
  3604 | D:3      | Found Ixatosoh's Magic Scroll Emporium.
  3624 | D:3      | Bought 2 scrolls of magic mapping for 98 gold pieces
  3624 | D:3      | Bought a scroll of identify for 28 gold pieces
  3667 | D:4      | Reached skill level 1 in Short Blades
  3829 | D:4      | Reached XP level 6. HP: 21/38 MP: 3/8
  3833 | D:4      | Learned a level 3 spell: Lesser Beckoning
  3976 | D:4      | Found Juul's Weapon Shop.
  4302 | D:4      | Shot with an arrow by a centaur

Illustrated notes

Levels and vault maps discovered:
D:1:      dpeg_arrival_refuge, layout_loops_corners,
          chequers_ecumenical_altar_grove
D:2:      layout_rooms, minmay_split_cup_small
D:3:      layout_loops_ring, lemuel_doored_altar, serial_shops, shop_statue,
          grunt_ministairs_9
D:4:      layout_cave_pools, gammafunk_temple_overflow_statue,
          nicolae_wu_jian_wuxing_cycle, minmay_temple_entry_proselytizer,
          serial_shops, shop_statue

Skill      XL: |  1  2  3  4  5 |
---------------+----------------+-----
Stealth        | 1 2 |  2.6
Crossbows      | 2 3 |  3.0
Fighting       | 1 |  1.4
Evocations     | 2 |  2.3
Dodging        | 2 |  2.2
Short Blades   | 1 |  1.2
Throwing       | |  1.0
Spellcasting   | |  1.9
Translocations | |  4.4
Invocations    | |  1.0

Action                   |  1- 3 |  4- 6 || total
-------------------------+-------+-------++-------
Melee: Dagger            |    31 |    69 ||   100
       Tentacles         |    13 |    16 ||    29
       Constrict         |     7 |    22 ||    29
       Punch             |     3 |       ||     3
 Fire: Hand crossbow     |    87 |    34 ||   121
Throw: Dart              |       |     5 ||     5
 Cast: Apportation       |     1 |       ||     1
       Blink             |       |     3 ||     3
 Stab: Sleeping          |       |     2 ||     2
Armor: Skin              |     8 |     9 ||    17
Dodge: Dodged            |    35 |    59 ||    94
